 Dungeon Crawl Stone Soup version 0.26.1-11-gd32895ea62 (webtiles) character file.

Game seed: 13346736415703460895

177 dtburroughs the Chopper (level 5, 0/47 HPs)
             Began as a Minotaur Berserker on June 24, 2021.
             Was a Believer of Trog.
             Slain by an orc wizard
             ... wielding a +0 dagger
              (4 damage)
             ... on level 3 of the Dungeon.
             The game lasted 00:03:46 (3213 turns).

dtburroughs the Chopper (Minotaur Berserker)        Turns: 3213, Time: 00:03:47

Health: 0/47       AC:  2    Str: 21    XL:     5   Next: 30%
Magic:  4/4        EV: 13    Int:  5    God:    Trog [**....]
Gold:   117        SH:  0    Dex: 10    Spells: 4/4 levels left

rFire    . . .     SeeInvis .   i - +0 war axe
rCold    . . .     Faith    .   (no shield)
rNeg     . . .     Spirit   .   b - +0 animal skin
rPois    .         Reflect  .   (helmet restricted)
rElec    .         Harm     .   (no cloak)
rCorr    .         Rampage  .   (no gloves)
Will     ++...                  (no boots)
Stlth    +.........             (no amulet)
HPRegen  1.15/turn              (no ring)
MPRegen  0.09/turn              (no ring)

@: lethally poisoned (0 -> 0), regenerating (expiring)
A: retaliatory headbutt, horns 2
a: Renounce Religion, Berserk, Trog's Hand


You were on level 3 of the Dungeon.
You worshipped Trog.
Trog was pleased with you.
You visited 1 branch of the dungeon, and saw 3 of its levels.

You collected 117 gold pieces.

Inventory:

Hand Weapons
 a - a +0 hand axe
 i - a +0 war axe (weapon)
Armour
 b - a +0 animal skin (worn)
 n - a +0 chain mail
Jewellery
 o - an uncursed ring of fire {unknown}
Wands
 h - a wand of flame (21)
Scrolls
 c - 5 scrolls of identify {unknown}
 g - a scroll of fog {unknown}
 k - a scroll of immolation {unknown}
 m - a scroll of amnesia {unknown}
Potions
 d - 2 potions of curing {unknown}
 e - 3 potions of heal wounds {unknown}
 f - 2 potions of haste {unknown}
 j - a potion of mutation {unknown}
 l - a potion of magic {unknown}


   Skills:
 + Level 4.8 Fighting
 + Level 4.8 Axes
 + Level 3.9 Armour
 + Level 3.5 Dodging


You had 4 spell levels left.
You didn't know any spells.
Your spell library was empty.

Dungeon Overview and Level Annotations

Branches:
Dungeon (3/15)

Altars:
Trog

Annotations:
D:3 Sigmund


Innate Abilities, Weirdness & Mutations

You reflexively headbutt those who attack you in melee.
You have a pair of horns on your head.


Message History

You feel sick.
The orc wizard points at you and mumbles some strange words.
The puff of flame hits you.
You feel sick.
You hit the orc. You headbutt the orc.
You kill the orc!
Trog accepts your kill.
The orc wizard gestures at you while chanting.
The puff of frost hits you.
* * * LOW HITPOINT WARNING * * *
You feel the effects of Trog's Hand fading.
The orc priest mumbles some strange prayers to Beogh against you.
Beogh smites you!
* * * LOW HITPOINT WARNING * * *
You slash the orc priest!
You kill the orc priest!
Trog accepts your kill.
You closely miss the orc wizard.
You feel sick. The orc wizard misses you.
The orc wizard hits you with a +0 dagger.
You die...

....................#
....................#
................<...#
..............†.....#
........†.....†.....#
....(.........)#########
.............o.........#
......##.....##{........#
.....# ########o@.......#
.....### ##.####.###
#......### #..# .#
#.......# ##.# .#
#......### #.# .
#.......## #.## .
####(....#..#####..#
..###÷...##.....##.###
....÷.)......#.......#


You could see an orc wizard and an orc.

Vanquished Creatures
  An orc priest (D:3)
  An orc wizard (D:2)
  4 adders
  An ooze (D:1)
  2 worms (D:2)
  2 dart slugs
  2 leopard geckos
  6 orcs
  A ball python (D:2)
  7 bats
  4 giant cockroaches
  7 goblins
  5 hobgoblins
  4 jackals
  A quokka (D:2)
  A frilled lizard (D:1)
  8 kobolds
  7 rats
64 creatures vanquished.

Notes
Turn   | Place    | Note
-------+----------+-------------------------------------------
     0 | D:1      | dtburroughs the Minotaur Berserker began the quest for the
                  | Orb.
     0 | D:1      | Reached XP level 1. HP: 19/19 MP: 0/0
    91 | D:1      | Reached XP level 2. HP: 10/27 MP: 1/1
   887 | D:1      | Reached XP level 3. HP: 31/33 MP: 2/2
  1800 | D:2      | Reached ** piety under Trog
  1801 | D:2      | Reached XP level 4. HP: 34/41 MP: 3/3
  2284 | D:2      | Found a bloodstained altar of Trog.
  3176 | D:3      | Reached XP level 5. HP: 45/47 MP: 4/4
  3197 | D:3      | Noticed Sigmund
  3211 | D:3      | HP: 2/47 [orc priest/divine providence (12)]
  3213 | D:3      | Slain by an orc wizard

Illustrated notes

Levels and vault maps discovered:
D:1:      kennysheep_arrival_seaside, layout_basic, nrook_mini_backslash
D:2:      minmay_door_path, layout_basic, lightli_temple_of_fire,
          fedhas_altar_fruit_tree, chequers_serial_rivers_micro_d,
          kennysheep_flooded_box, minmay_3d_cube
D:3:      layout_rooms, gammafunk_ghost_split, uniq_sigmund

Skill      XL: |  1  2  3 |
---------------+----------+-----
Fighting       | 4 |  4.8
Axes           | 4 |  4.8
Armour         | 3 |  3.9
Dodging        | 3 |  3.5

Action                   |  1- 3 |  4- 6 || total
-------------------------+-------+-------++-------
Melee: Hand axe          |    47 |       ||    47
       Headbutt          |     6 |    10 ||    16
       War axe           |     7 |    57 ||    64
Invok: Trog's Hand       |       |     1 ||     1
 Stab: Sleeping          |     1 |       ||     1
Armor: Animal skin       |     9 |    21 ||    30
Dodge: Dodged            |    44 |    69 ||   113
